 Dungeon Crawl Stone Soup version 0.31-a0-150-g89dc3ad700 (webtiles) character file.

Game seed: 9116917977758308163

46 lunkers the Cudgeller (level 4, -4/36 HPs)
             Began as a Meteoran Reaver on June 8, 2023.
             Slain by Natasha (7 damage)
             ... on level 2 of the Dungeon.
             The game lasted 00:01:18 (484 turns).

lunkers the Cudgeller (Meteoran Reaver)              Turns: 484, Time: 00:01:18

Health: -4/36      AC:  5    Str: 15    XL:     4   Next: 15%
Magic:  9/9        EV: 12    Int: 15    God:
Gold:   18         SH:  0    Dex: 12    Spells: 7/8 levels left

rFire   . . .        a - +0 mace
rCold   . . .        (no shield)
rNeg    . . .        b - +0 leather armour
rPois   .            m - +0 helmet
rElec   .            l - +0 cloak
rCorr   .            (no gloves)
SInv    .            (no boots)
Will    .....        (no amulet)
Stlth   +            g - ring of flight
HPRegen 0.26/turn    (no ring)
MPRegen 0.11/turn

%: no passive effects
@: flying, glowing
A: sense surroundings 1, otherworldly, glowing, explore regen
a: no special abilities


You were on level 2 of the Dungeon.
You visited 1 branch of the dungeon, and saw 2 of its levels.

You collected 18 gold pieces.

Inventory:

Hand Weapons
 a - a +0 mace (weapon)
Missiles
 f - 2 curare-tipped darts
Armour
 b - a +0 leather armour (worn)
 l - a +0 cloak (worn)
 m - a +0 helmet (worn)
Jewellery
 g - a ring of flight (left hand)
Scrolls
 c - a scroll of magic mapping {unknown}
 h - a scroll of fear {unknown}
 i - a scroll of teleportation {unknown}
 j - a scroll of fog {unknown}
Potions
 d - a potion of enlightenment {unknown}
 e - 2 potions of curing {unknown}
 k - a potion of mutation {unknown}


   Skills:
 - Level 2.1 Fighting
 + Level 6.1 Maces & Flails
 - Level 2.4 Dodging
 - Level 2.6 Spellcasting
 - Level 3.6 Conjurations


You had 7 spell levels left.
You knew the following spells:

 Your Spells              Type           Power      Damage    Failure   Level
p - Kiss of Death         Conj/Necr      28%        2d7       12%         1

Your spell library contained the following spells:

 Spells                   Type           Power      Damage    Failure   Level
 Momentum Strike          Conj/Tloc      14%        3d8       19%         2
 Lesser Beckoning         Tloc           4%         N/A       36%         2
 Hailstorm                Conj/Ice       7%         3d4       36%         3
 Gell's Gravitas          Tloc           2%         N/A       58%         3
 Teleport Other           Tloc           2%         N/A       58%         3


Dungeon Overview and Level Annotations

Branches:
Dungeon (2/15) Zot: 705

Altars:

Annotations:
D:2 Natasha


Innate Abilities, Weirdness & Mutations

You passively map a small area around you.
You are easily found by Zot.
You glow in the dark.
You regain HP and MP as you explore.


Message History

The jackal barely misses you.
A kobold comes into view. It is wielding a +0 short sword.
You closely miss the jackal.
The jackal is heavily wounded.
The ball python hisses angrily.
The jackal bites you. x2; Natasha barely misses you.
The jackal misses you. The jackal bites you. The jackal barely misses you.
You closely miss the jackal.
The jackal is heavily wounded.
The jackal barely misses you. Natasha closely misses you.
The jackal misses you.
The jackal bites you but does no damage.
The jackal bites you.
You closely miss the jackal.
The jackal is heavily wounded.
The jackal closely misses you.
The jackal bites you but does no damage.
Natasha closely misses you. The jackal bites you. The jackal barely misses you.
The jackal bites you but does no damage.
You closely miss the jackal.
The jackal is heavily wounded.
The jackal bites you.
Natasha zaps a wand.
The puff of flame hits you!
* * * LOW HITPOINT WARNING * * *
The jackal bites you.
* * * LOW HITPOINT WARNING * * *
The jackal bites you but does no damage. x2
Natasha claws you!
* * * LOW HITPOINT WARNING * * *
Throw: 3 darts (curare)
Press: ? - help, Shift-Dir - straight line, f - Natasha
Aim: Natasha, carrying a wand of flame (17) (50% to hit)
You throw a curare-tipped dart.
The curare-tipped dart closely misses Natasha.
The jackal bites you but does no damage.
The jackal barely misses you. The jackal bites you.
* * * LOW HITPOINT WARNING * * *
The jackal closely misses you.
The jackal bites you but does no damage.
Natasha claws you!
You die...

.........##.##..#* , ,
.........##.##..# ,
.........##.....# .. *
,
............†..####...
,
......................
**
.#........#...........
,,
.....##..............
. ...####h###.....
......hh@#* ..... , ,
#......Shh# ,....
#.......K## , ...
,....... , ... .......
,, ....... , * .......
* (...... ,* * ** , ,
,


You could see Natasha, 4 jackals, a ball python and a kobold.

Vanquished Creatures
  Natasha (D:2)
  3 ball pythons
  An endoplasm (D:1)
  3 hobgoblins
  4 jackals (D:1)
  2 kobolds
  A quokka (D:1)
  A bat (D:2)
  2 frilled lizards
  A rat (D:1)
19 creatures vanquished.

Notes
Turn   | Place    | Note
-------+----------+-------------------------------------------
     0 | D:1      | lunkers the Meteoran Reaver began the quest for the Orb.
     0 | D:1      | Reached XP level 1. HP: 17/17 MP: 5/5
    94 | D:1      | Reached XP level 2. HP: 10/24 MP: 6/6
   297 | D:1      | Reached skill level 5 in Maces & Flails
   429 | D:2      | Noticed Natasha
   430 | D:2      | Reached XP level 3. HP: 29/29 MP: 8/8
   446 | D:2      | Killed Natasha
   447 | D:2      | Reached skill level 6 in Maces & Flails
   447 | D:2      | Reached XP level 4. HP: 18/36 MP: 9/9
   472 | D:2      | Noticed Natasha
   484 | D:2      | Slain by Natasha

Illustrated notes

Levels and vault maps discovered:
D:1:      dpeg_arrival_tiny_d, layout_loops_ring, palyth_stone_intersect
D:2:      layout_rooms, hellmonk_ecumenical_altar_run_dry, basic_altar,
          uniq_natasha, uniq_robin, uniq_sigmund

Skill      XL: |  1  2  3 |
---------------+----------+-----
Maces & Flails | 5 6 |  6.1
Fighting       | |  2.1
Dodging        | |  2.4
Spellcasting   | |  2.6
Conjurations   | |  3.6

Action                     |  1- 3 |  4- 6 || total
---------------------------+-------+-------++-------
  Melee: Mace              |    59 |    16 ||    75
         Punch             |       |     1 ||     1
  Throw: Dart              |     1 |     1 ||     2
 Armour: Leather armour    |    25 |    12 ||    37
  Dodge: Dodged            |    40 |    27 ||    67

Table legend: (Time is in decaauts)
 A = Elapsed time spent in this place.
 B = Non-inter-level travel time spent in this place.
 C = Inter-level travel time spent in this place.
 D = Time resting spent in this place.
 E = Time spent auto-exploring this place.
 F = Levels seen in this place.
 G = Mean time per level.
                   A        B        C        D        E       F      G
               +--------+--------+--------+--------+--------+-----+--------+
         Total |    494 |    458 |     36 |      0 |    246 |   2 |  247.0 |
       Dungeon |    494 |    458 |     36 |      0 |    246 |   2 |  247.0 |
               +--------+--------+--------+--------+--------+-----+--------+

Top non-repeatable levels by time:
     D:1: 427 daAuts
     D:2: 66 daAuts
